 Dungeon Crawl Stone Soup version 0.22-a0-467-g5c5de1c (webtiles) character file.

4449 emperorscorpion the Grappler (level 10, -18/91 HPs)
             Began as a Troll Transmuter on June 10, 2018.
             Was a Priest of Dithmenos.
             Demolished by a white ugly thing (21 damage)
             ... on level 8 of the Dungeon.
             The game lasted 00:17:16 (7514 turns).

emperorscorpion the Grappler (Troll Transmuter)     Turns: 7514, Time: 00:17:17

Health: -18/91     AC:  6    Str: 21    XL:     10   Next: 15%
Magic:  11/11      EV: 12    Int:  9    God:    Dithmenos [***...]
Gold:   467        SH:  0    Dex: 12    Spells: 4/12 levels left

rFire    . . .     SeeInvis .     - Unarmed
rCold    . . .     Gourm    +   (no shield)
rNeg     . . .     Faith    .   p - +1 robe {MR+}
rPois    .         Spirit   .   (helmet restricted)
rElec    .         Reflect  .   (no cloak)
rCorr    .         Harm     .   (gloves unavailable)
MR       ++...                  (boots unavailable)
Stlth    ++++......             G - amulet of magic regeneration
HPRegen  0.65/turn              t - ring of protection from magic
MPRegen  0.37/turn              z - ring of stealth

@: hasted, wreathed by umbra, very quick
A: large, unfitting armour, claws 3, fast metabolism 3, gourmand, regeneration
1, shaggy fur 1, tough skin 2
a: Shadow Step, Renounce Religion


You were on level 8 of the Dungeon.
You worshipped Dithmenos.
Dithmenos was most pleased with you.
You were completely stuffed.

You visited 2 branches of the dungeon, and saw 9 of its levels.

You collected 467 gold pieces.

Inventory:

Missiles
 a - 83 arrows
 e - 31 poisoned needles
 j - 4 tomahawks (quivered)
 k - 6 needles of sleeping
 n - 159 stones
Armour
 b - a +0 robe
 p - a +1 robe of magic resistance (worn)
 y - a +0 cloak
Jewellery
 t - a ring of protection from magic (left claw)
 z - a ring of stealth (right claw)
 G - an amulet of magic regeneration (around neck)
Wands
 q - a wand of polymorph (22)
 w - a wand of iceblast (20)
 A - a wand of acid (4)
 C - a wand of paralysis (6)
 F - a wand of flame (24)
 J - a wand of scattershot (6)
Scrolls
 h - a scroll of enchant weapon
 i - 6 scrolls of teleportation
 l - 6 scrolls of remove curse
 m - a scroll of enchant armour
 E - a scroll of blinking
 K - a scroll of brand weapon {unknown}
Potions
 c - a potion of resistance {unknown}
 f - 3 potions of berserk rage
 g - a potion of magic
 o - 3 potions of flight {unknown}
 r - 3 potions of curing
 s - 2 potions of invisibility {unknown}
 u - 2 potions of ambrosia {unknown}
 v - 4 potions of haste
 x - a potion of mutation {unknown}
 B - 2 potions of might {unknown}
 D - 2 potions of agility {unknown}
 H - a potion of degeneration {unknown}
Comestibles
 d - 20 rations
 I - a chunk of flesh


   Skills:
 + Level 3.1 Fighting
 + Level 1.0 Throwing
 + Level 5.9 Dodging
 + Level 2.7 Stealth
 + Level 11.5 Unarmed Combat
 * Level 1.6 Spellcasting
 - Level 1.9 Transmutations
 + Level 0.2 Evocations


You had 4 spell levels left.
You knew the following spells:

 Your Spells              Type           Power        Failure   Level  Hunger
b - Sticks to Snakes      Tmut           #.......     24%         2    ###....
m - Mephitic Cloud        Conj/Pois/Air  #.......     71%         3    ####...
r - Regeneration          Chrm/Necr      #.........   71%         3    ####...

Your spell library contained the following spells:

 Spells                   Type           Power        Failure   Level  Hunger
 Magic Dart               Conj           #...         34%         1    ##.....
 Conjure Flame            Conj/Fire      #.......     71%         3    ####...
 Slow                     Hex            #.......     47%         2    ###....
 Blink                    Tloc           N/A          47%         2    ###....
 Iskenderun's Mystic Bla  Conj           #.......     98%         4    #####..
 Call Imp                 Summ           #.......     47%         2    ###....
 Spider Form              Tmut/Pois      #.........   56%         3    ####...
 Blade Hands              Tmut           #.........   99%         5    ######.
 Ice Form                 Ice/Tmut       #.......     93%         4    #####..
 Shroud of Golubria       Chrm/Tloc      #.........   47%         2    ###....
 Beastly Appendage        Tmut           #.....       16%         1    ##.....
 Fulminant Prism          Conj/Hex       #.........   98%         4    #####..
 Dazzling Spray           Conj/Hex       #.....       71%         3    ####...
 Force Lance              Conj/Tloc      #.......     98%         4    #####..
 Infusion                 Chrm           #...         34%         1    ##.....
 Song of Slaying          Chrm           #.......     47%         2    ###....
 Spectral Weapon          Hex/Chrm       #.......     71%         3    ####...
 Searing Ray              Conj           #.....       47%         2    ###....


Dungeon Overview and Level Annotations

Branches:
Dungeon (8/15)             Temple (1/1) D:7
   Lair: D:8-11

Altars:
Ashenzari
Cheibriados
Dithmenos
Elyvilon
Fedhas
Gozag
Hepliaklqana
Kikubaaqudgha
Makhleb
Nemelex Xobeh
Okawaru
Qazlal
Ru
Sif Muna
Trog
Uskayaw
Vehumet
Wu Jian
Xom
Yredelemnul
Zin
The Shining One


Innate Abilities, Weirdness & Mutations

You are too large for most types of armour.
You have claws for hands.
Your metabolism is lightning-fast.
You like to eat raw meat.
Your natural rate of healing is unusually fast.
You are covered in fur. (AC +1)
You have very tough skin. (AC +2)


Message History

The white ugly thing is lightly wounded.
You completely miss the white ugly thing.
The white ugly thing is lightly wounded.
The white ugly thing misses you.
You claw the white ugly thing!
The white ugly thing is moderately wounded.
The white ugly thing claws you! The white ugly thing freezes you!
You are too injured to fight recklessly!
You are too injured to fight recklessly!
You claw the white ugly thing!
The white ugly thing is heavily wounded.
The white ugly thing claws you!
* * * LOW HITPOINT WARNING * * *
The white ugly thing freezes you!
* * * LOW HITPOINT WARNING * * *
It was a potion of haste.
You feel yourself speed up. The white ugly thing claws you.
* * * LOW HITPOINT WARNING * * *
The white ugly thing freezes you!!
You die...

.#..uK...####...#......)##.## #..
...#######* #(.(##....[##.## ##.
...# **,,,**#().###)..##### #.
...#**,,,,,*#..)# ######### #.
...#*,,,,,,,#...####......# #.
....*,,,,,,,+...##......#.#######
#..#*,,,,,,,#..(##.....##........
#..#**,,,,,*#..u#......##########
#..# **,,,**#...@....### *,,*
***############# #*,*****,#.#
#.#.#.########### ##..,,,,,#.#
#..###..........# ##.#*****#.#
#.#.#.#######...# ##.#######.##
#...............#
....).†.....###############)..###
##.#####.##.......# ##..... #.#
##...#######.# ##.###


You could see a white ugly thing.

Vanquished Creatures
  A two-headed ogre (D:8)
  Prince Ribbit (D:5)
  Sigmund (D:5)
  A hungry ghost (D:7)
  Edmund (D:4)
  2 orc warriors
  A sky beast (D:5)
  3 ice beasts
  A phantom (D:8)
  2 ogres
  A centaur (D:8)
  A big kobold (D:8)
  3 bullfrogs
  Blork the orc (D:5)
  2 scorpions (D:8)
  14 wights
  2 howler monkeys (D:4)
  3 crimson imps
  A bullfrog zombie (D:7)
  2 jellies
  5 hounds
  A centaur skeleton (D:5)
  3 orc priests
  4 orc wizards
  A gnoll shaman (D:7)
  3 iguanas
  8 worker ants
  Natasha (D:3)
  The ghost of 4thArraOfDagon the Slasher, a weakling MiMo (D:3)
  A hound skeleton (D:5)
  11 adders
  9 gnolls
  A shadow imp (D:7)
  An ooze (D:1)
  2 adder skeletons
  An adder zombie (D:7)
  4 worms
  5 dart slugs
  5 leopard geckos
  21 orcs
  2 bats (D:2)
  A giant cockroach (D:2)
  6 goblins
  7 hobgoblins
  7 jackals
  12 kobolds
  4 quokkas
  A ball python (D:1)
  3 frilled lizards
  A giant cockroach zombie (D:5)
  A leopard gecko skeleton (D:8)
  7 rats
184 creatures vanquished.

Notes
Turn   | Place    | Note
-------+----------+-------------------------------------------
     0 | D:1      | emperorscorpion the Troll Transmuter began the quest for the Orb.
     0 | D:1      | Reached XP level 1. HP: 18/18 MP: 1/1
   172 | D:1      | Reached XP level 2. HP: 26/26 MP: 3/3
   643 | D:2      | Reached skill level 1 in Fighting
   681 | D:2      | Reached XP level 3. HP: 24/33 MP: 4/4
   858 | D:2      | Found a shadowy altar of Dithmenos.
   866 | D:2      | Reached skill level 4 in Unarmed Combat
   889 | D:2      | Reached XP level 4. HP: 41/41 MP: 5/5
   897 | D:2      | Became a worshipper of Dithmenos the Shadowed
  1419 | D:3      | Noticed 4thArraOfDagon's ghost (weakling MiMo)
  1622 | D:3      | Killed 4thArraOfDagon's ghost
  1755 | D:3      | Reached XP level 5. HP: 32/48 MP: 6/6
  2082 | D:3      | Noticed Natasha
  2086 | D:3      | Killed Natasha
  2086 | D:3      | Reached skill level 5 in Unarmed Combat
  2089 | D:3      | Reached * piety under Dithmenos
  2957 | D:4      | Found a hide-covered altar of Uskayaw.
  3168 | D:5      | Entered Level 5 of the Dungeon
  3185 | D:5      | Reached XP level 6. HP: 33/55 MP: 7/7
  3251 | D:5      | Noticed Sigmund
  3274 | D:5      | Noticed Blork the orc
  3296 | D:5      | Killed Sigmund
  3296 | D:5      | Reached skill level 6 in Unarmed Combat
  3358 | D:5      | Killed Blork the orc
  3358 | D:5      | Reached XP level 7. HP: 62/62 MP: 8/8
  3395 | D:5      | Noticed Edmund
  3516 | D:5      | Reached skill level 7 in Unarmed Combat
  3541 | D:4      | Killed Edmund
  3632 | D:5      | Reached skill level 1 in Stealth
  3733 | D:5      | Reached XP level 8. HP: 51/72 MP: 9/9
  3769 | D:5      | Learned a level 2 spell: Sticks to Snakes
  4046 | D:5      | Found a white marble altar of Elyvilon.
  4049 | D:5      | Noticed Prince Ribbit
  4052 | D:5      | Reached skill level 8 in Unarmed Combat
  4280 | D:5      | Found a white marble altar of Elyvilon.
  4437 | D:5      | Killed Prince Ribbit
  4437 | D:5      | Reached skill level 1 in Throwing
  4583 | D:6      | Reached ** piety under Dithmenos
  4761 | D:6      | Reached skill level 9 in Unarmed Combat
  4762 | D:6      | Reached skill level 5 in Dodging
  4889 | D:6      | Reached XP level 9. HP: 73/79 MP: 10/10
  5262 | D:6      | Reached skill level 10 in Unarmed Combat
  6250 | D:7      | Found a bloodstained altar of Trog.
  6365 | D:7      | Found a staircase to the Ecumenical Temple.
  6434 | Temple   | Entered the Ecumenical Temple
  6780 | D:8      | Reached *** piety under Dithmenos
  7131 | D:8      | Reached skill level 11 in Unarmed Combat
  7131 | D:8      | Noticed a two-headed ogre
  7134 | D:8      | Noticed a white ugly thing
  7203 | D:8      | Killed a two-headed ogre
  7203 | D:8      | Reached XP level 10. HP: 91/91 MP: 11/11
  7381 | D:8      | Learned a level 3 spell: Mephitic Cloud
  7385 | D:8      | Learned a level 3 spell: Regeneration
  7514 | D:8      | HP: 3/91 [white ugly thing (3)]
  7514 | D:8      | Demolished by a white ugly thing

Vault maps used:
D:1:      minmay_arrival_semitransparent
D:2:      grunt_dithmenos_smoke
D:3:      uniq_natasha
D:4:      kennysheep_mini, roderic_roman_lattice, minmay_cupped
D:5:      basic_altar, first_ration, uniq_edmund, uniq_sigmund,
          uniq_blork_the_orc, uniq_prince_ribbit1
D:7:      minmay_temple_entry_poolview, trog_book
D:8:      minmay_opposing_rooms, basic_altar
Temple:   nicolae_temple_the_god_donut

Skill      XL: |  1  2  3  4  5  6  7  8  9 |
---------------+----------------------------+-----
Fighting       | 1 2 3 |  3.1
Dodging        | 2 3 4 5 |  5.9
Unarmed Combat | 4 5 6 7 9 11 | 11.5
Stealth        | 1 2 |  2.7
Throwing       | 1 |  1.0
Spellcasting   | |  1.6
Transmutations | |  1.9
Evocations     | |  0.2

Action                   |  1- 3 |  4- 6 |  7- 9 | 10-12 || total
-------------------------+-------+-------+-------+-------++-------
Melee: Unarmed           |    79 |   170 |   340 |    26 ||   615
       Punch             |     1 |     1 |    14 |     1 ||    17
Throw: Tomahawk          |       |     1 |     2 |     5 ||     8
       Stone             |       |       |     3 |       ||     3
 Cast: Sticks to Snakes  |       |       |     2 |       ||     2
Evoke: Wand              |       |       |     5 |       ||     5
  Use: Scroll            |       |     4 |     6 |     1 ||    11
       Potion            |       |       |       |     1 ||     1
 Stab: Sleeping          |     2 |       |     3 |       ||     5
  Eat: Chunk             |    14 |    22 |    38 |     4 ||    78
Armor: Robe              |    26 |    44 |    49 |     1 ||   120
Dodge: Dodged            |    59 |    89 |   163 |    13 ||   324

Table legend:
 A = Spawn XP
 B = Non-spawn XP
 C = Spawn XP percentage of total XP
 D = Spawn monster count
 E = Non-spawn monster count
 F = Spawn count percentage of total count
 G = Total turns spent on level
                    A         B        C        D         E        F      G
               +---------+---------+-------+---------+---------+-------+---------
         Total |       0 |    6357 |   0.0 |       0 |     184 |   0.0 |  7514
               +---------+---------+-------+---------+---------+-------+---------
           D:1 |       0 |      25 |   0.0 |       0 |      11 |   0.0 |   539
           D:2 |       0 |     107 |   0.0 |       0 |      27 |   0.0 |   938
           D:3 |       0 |     188 |   0.0 |       0 |      22 |   0.0 |   825
           D:4 |       0 |     310 |   0.0 |       0 |       7 |   0.0 |  1108
           D:5 |       0 |    1475 |   0.0 |       0 |      29 |   0.0 |  1077
           D:6 |       0 |    1469 |   0.0 |       0 |      39 |   0.0 |  1166
           D:7 |       0 |     512 |   0.0 |       0 |      15 |   0.0 |   803
           D:8 |       0 |    2271 |   0.0 |       0 |      34 |   0.0 |   785
               +---------+---------+-------+---------+---------+-------+---------
